 Dungeon Crawl Stone Soup version 0.29.0-11-gd7f09526c8 (webtiles) character file.

Game seed: 14304589182460066368

200 Descartes the Shield-Bearer (level 6, -7/44 (48) HPs)
             Began as a Formicid Fighter on Sept 6, 2022.
             Mangled by a wight
             ... wielding a +2 scimitar
              (9 damage)
             ... on level 3 of the Dungeon.
             The game lasted 00:03:17 (1820 turns).

Descartes the Shield-Bearer (Formicid Fighter)      Turns: 1820, Time: 00:03:18

HP:   -7/44 (48)    AC:  7    Str: 23    XL:     6   Next: 6%
MP:   6/6           EV:  9    Int:  7    God:
Gold: 91            SH:  5    Dex: 13    Spells: 5/5 levels left

rFire   . . .      SeeInvis +   a - +0 war axe
rCold   . . .      Faith    .   c - +0 buckler
rNeg    . . .      Spirit   .   b - +0 scale mail
rPois   .          Reflect  .   (helmet unavailable)
rElec   .          Harm     .   (no cloak)
rCorr   .          Rampage  .   (no gloves)
Will    .....                   (no boots)
Stlth   ..........              j - amulet of the acrobat
HPRegen 0.14/turn               (no ring)
MPRegen 0.10/turn               (no ring)

@: drained
A: permanent stasis, dig shafts and tunnels, antennae 3, four strong arms
a: Dig, Shaft Self


You were on level 3 of the Dungeon.
You visited 1 branch of the dungeon, and saw 3 of its levels.

You collected 91 gold pieces.

Inventory:

Hand Weapons
 a - a +0 war axe (weapon)
 m - a +0 lajatang
 r - a +0 antimagic flail
 s - a +0 dagger of venom
Armour
 b - a +0 scale mail (worn)
 c - a +0 buckler (worn)
Jewellery
 j - an amulet of the acrobat (around neck)
 o - a ring of wizardry
Scrolls
 g - 3 scrolls of identify {unknown}
 h - 3 scrolls of teleportation {unknown}
 i - a scroll of poison {unknown}
 k - a scroll of enchant weapon {unknown}
 p - a scroll of vulnerability {unknown}
Potions
 d - a potion of might
 e - 3 potions of curing {unknown}
 f - 2 potions of heal wounds {unknown}
 l - a potion of degeneration {unknown}
 n - a potion of flight {unknown}
 q - a potion of lignification {unknown}


   Skills:
 + Level 3.8 Fighting
 + Level 2.8(3.3) Axes
 + Level 1.5(2.4) Maces & Flails
 + Level 1.5(2.4) Polearms
 + Level 3.8 Armour
 + Level 4.7 Shields
 + Level 1.4 Translocations
 + Level 1.7 Evocations


You had 5 spell levels left.
You didn't know any spells.
Your spell library contained the following spells:

 Spells                   Type           Power      Damage    Failure   Level
 Slow                     Hex            0%         N/A       80%         1
 Confusing Touch          Hex            0%         N/A       99%         3
 Vampiric Draining        Necr           0%         2d6       99%         3


Dungeon Overview and Level Annotations

Branches:
Dungeon (3/15)

Altars:
Fedhas


Innate Abilities, Weirdness & Mutations

You cannot be hasted, slowed, berserked, paralysed or teleported.
You can dig through walls and to a lower floor.
You have a pair of large antennae on your head. (SInv)
Your four strong arms can wield two-handed weapons with a shield.


Message History

The wight hits you with a +2 scimitar. The adder barely misses you.
You hit the wight.
The wight is severely damaged.
You barely miss the adder. You hit the wight. You block the adder's attack.
The wight hits you with a +0 long sword.
The wight hits you with a +2 scimitar. The adder bites you but does no damage.
You closely miss the wight.
The wight is severely damaged.
You barely miss the wight. You closely miss the adder.
The wight hits you with a +0 long sword.
You feel drained. The wight hits you with a +2 scimitar.
The adder closely misses you. The wight closely misses you.
The wight hits you with a +2 scimitar.
You are too injured to fight recklessly!
You closely miss the wight.
The wight is severely damaged.
You barely miss the wight. You hit the adder.
The adder bites you but does no damage. x2
The wight hits you with a +0 long sword!
* * * LOW HITPOINT WARNING * * *
You feel drained.
* * * LOW HITPOINT WARNING * * *
The wight misses you.
You hit the wight.
The wight is almost destroyed.
You closely miss the wight. You miss the adder. You block the adder's attack.
The wight closely misses you. The wight hits you with a +2 scimitar.
* * * LOW HITPOINT WARNING * * *
The adder bites you but does no damage.
Unknown command.
You closely miss the wight.
The wight is almost destroyed.
You barely miss the wight. You closely miss the adder.
The wight barely misses you. The wight hits you with a +2 scimitar.
* * * LOW HITPOINT WARNING * * *
The adder bites you but does no damage.
The wight hits you with a +0 long sword.
* * * LOW HITPOINT WARNING * * *
The wight hits you with a +2 scimitar!
You die...

#.......###.......#
#.......# ###'#####
#.......# #...#
###.......# ####.#
#.'.......# #....#
#.#.......# #.####
###.#.......# #.#
....#####...# #.#
.#### ##### #@# .#
#..Szz.# .#
..![.........{
.####
..........####
....### ###.####..#
##....# #. ..#
##....# # ..#
......# ..# .##+###


You could see 2 wights and an adder.

Vanquished Creatures
  Sigmund (D:2)
  A dart slug (D:2)
  3 orcs (D:3)
  3 ball pythons
  An endoplasm (D:2)
  2 giant cockroaches (D:1)
  2 goblins
  3 hobgoblins
  7 jackals
  2 bats (D:2)
  A frilled lizard (D:2)
  11 kobolds
  5 rats (D:1)
42 creatures vanquished.

Vanquished Creatures (others)
  6 plants (D:1)
6 creatures vanquished.

Grand Total: 48 creatures vanquished

Notes
Turn   | Place    | Note
-------+----------+-------------------------------------------
     0 | D:1      | Descartes the Formicid Fighter began the quest for the Orb.
     0 | D:1      | Reached XP level 1. HP: 18/18 MP: 1/1
   120 | D:1      | Reached XP level 2. HP: 23/24 MP: 2/2
   154 | D:1      | You fall into a shaft and drop 1 floor!
   175 | D:2      | Noticed Sigmund
   649 | D:1      | Reached XP level 3. HP: 20/29 MP: 3/3
   826 | D:1      | Found a blossoming altar of Fedhas.
  1306 | D:2      | Killed Sigmund
  1307 | D:2      | Reached skill level 1 in Maces & Flails
  1307 | D:2      | Reached skill level 1 in Polearms
  1307 | D:2      | Reached skill level 1 in Translocations
  1307 | D:2      | Reached skill level 1 in Evocations
  1307 | D:2      | Reached XP level 4. HP: 22/37 MP: 4/4
  1307 | D:2      | Reached XP level 5. HP: 25/42 MP: 5/5
  1307 | D:2      | Reached XP level 6. HP: 29/48 MP: 6/6
  1820 | D:3      | HP: 2/44 [wight/+0 long sword (2)]
  1820 | D:3      | Mangled by a wight

Illustrated notes

Levels and vault maps discovered:
D:1:      sevenhm_arrival_forest_fort_small_6, layout_rooms,
          lexackson_kobold_supper
D:2:      layout_basic, uniq_sigmund
D:3:      layout_basic, shapermc_ecumenical_altar_notcrosses, uniq_terence

Skill      XL: |  1  2  3 |
---------------+----------+-----
Maces & Flails | 1 |  1.5
Polearms       | 1 |  1.5
Translocations | 1 |  1.4
Evocations     | 1 |  1.7
Fighting       | |  3.8
Axes           | |  2.8
Armour         | |  3.8
Shields        | |  4.7

Action                   |  1- 3 |  4- 6 || total
-------------------------+-------+-------++-------
Melee: War axe           |    75 |    16 ||    91
  Use: Potion            |     1 |       ||     1
Armor: Scale mail        |    40 |     9 ||    49
Dodge: Dodged            |    55 |    15 ||    70
Block: Buckler           |    31 |     6 ||    37
